 Dungeon Crawl Stone Soup version 0.29-a0-271-gd4eb659eea (webtiles) character file.

Game seed: 1018780165568523155

107 sanka the Blocker (level 4, 0/48 HPs)
             Began as a Gnoll Wanderer on Mar 8, 2022.
             Was a Believer of Ashenzari.
             Slain by Sigmund
             ... wielding a +0 scythe
              (2 damage)
             ... on level 3 of the Dungeon.
             The game lasted 00:05:34 (3460 turns).

sanka the Blocker (Gnoll Wanderer)                  Turns: 3460, Time: 00:05:35

Health: 0/48       AC: 22    Str: 13    XL:     4   Next: 85%
Magic:  6/6        EV:  2    Int: 12    God:    Ashenzari [**....]
Gold:   103        SH:  6    Dex: 17    Spells: 5/5 levels left

rFire   . . .      SeeInvis +   a - +0 spear of Ashenzari's Annoyance {Cun, Range} (curse)
rCold   . . .      Faith    .   d - +0 buckler of Ouranomancy {Cun, Comp} (curse)
rNeg    . . .      Spirit   .   (body armour currently unavailable)
rPois   +          Reflect  .   (helmet currently unavailable)
rElec   .          Harm     .   (cloak currently unavailable)
rCorr   .          Rampage  .   (gloves currently unavailable)
Will    .....      NoTele   +   (boots currently unavailable)
Stlth   ++........              (no amulet)
HPRegen 0.16/turn               (no ring)
MPRegen 0.10/turn               k - +6 ring of dexterity

@: tree-form (expiring), very slow
A: stationary, stasis, torment immunity, boosted hp, (fangs 1), strong nose,
distributed training
a: Renounce Religion, Shatter the Chains


You were on level 3 of the Dungeon.
You worshipped Ashenzari.
Ashenzari was pleased with you.
You were a tree.
You visited 1 branch of the dungeon, and saw 3 of its levels.

You collected 103 gold pieces.


Innate Abilities, Weirdness & Mutations

You are a tree.
Your roots penetrate the ground, keeping you stationary.
You cannot be teleported.
You are immune to unholy pain and torment.
Your maximum health is greatly increased.
Your equipment is partially melded.
((You have very sharp teeth.))
Your uncanny sense of smell can sniff out nearby items.
Your experience applies equally to all skills.


   Skills:
 + Level 1.2 Fighting
 + Level 1.2 Short Blades
 + Level 1.2 Long Blades
 + Level 1.2 Axes
 + Level 1.2 Maces & Flails
 + Level 2.8 Polearms
 + Level 1.2 Staves
 + Level 1.2(2.1) Slings
 + Level 1.2(2.1) Bows
 + Level 1.2(2.1) Crossbows
 + Level 1.2(2.1) Throwing
 + Level 1.2 Armour
 + Level 2.8(4.4) Dodging
 + Level 1.2(2.4) Stealth
 + Level 8.6 Shields
 + Level 4.7 Unarmed Combat
 + Level 1.2 Spellcasting
 + Level 1.0 Conjurations
 + Level 1.0 Hexes
 + Level 1.0(1.7) Summonings
 + Level 1.0(1.7) Necromancy
 + Level 1.0 Translocations
 + Level 1.0 Transmutations
 + Level 1.0 Fire Magic
 + Level 1.0 Ice Magic
 + Level 1.0 Air Magic
 + Level 1.0 Earth Magic
 + Level 1.0 Poison Magic
 + Level 2.9 Invocations
 + Level 2.8 Evocations


You had 5 spell levels left.
You didn't know any spells.
Your spell library was empty.

Inventory:

Hand Weapons
 a - the cursed +0 spear of Ashenzari's Annoyance (weapon) {Cun, Range}

   It has a curse which improves the following skills: Cunning: Dodging and
   Stealth.
   Ranged Combat: Slings, Bows, Crossbows and Throwing.
Missiles
 m - 6 poisoned darts (quivered)
Armour
 d - the cursed +0 buckler of Ouranomancy (worn) {Cun, Comp}

   It has a curse which improves the following skills: Cunning: Dodging and
   Stealth.
   Companions: Summonings and Necromancy.
 f - the cursed +0 leather armour of Ashenzari's Chagrin (melded) {Alch, Elem}

   It has a curse which improves the following skills: Alchemy: Poison Magic and
   Transmutations.
   Elements:  Fire Magic, Ice Magic, Air Magic and Earth Magic.
Jewellery
 k - a +6 ring of dexterity (right branch)
Scrolls
 b - a scroll of fear
 e - a scroll of fog
 g - 2 scrolls of identify {@r1}
 h - a scroll of amnesia
Potions
 c - a potion of brilliance

Dungeon Overview and Level Annotations

Branches:
Dungeon (3/15)

Altars:
Ashenzari

Annotations:
D:3 Sigmund

..▒▒.▒▒.....▒░ , ░ ░
.....▒▒.....▒▒▒▒░░ , ,,
................▒▒▒ ░░
..▒...........▒...., ,
..▒▒▒)▒.▒.▒▒▒.....▒▒▒▒
..▒ ▒.▒ ▒ ....▒.▒....▒
, ..▒ ▒.▒ ░▒.[...@..▒ ,
▒ ░ ..▒ ▒.▒
▒▒.+▒▒†...▒▒▒▒.@ .▒▒
▒.▒ ▒..▒≈♣▒...S.@.(. ▒▒
▒.▒▒▒▒▒▒.▒▒††▒▒.▒......
░
▒........▒≈≈≈≈▒...▒▒▒.
░ ▒........▒≈≈≈≈▒.▒▒▒ ,
▒........▒▒≈≈▒▒.▒ ░
▒.........▒≈≈▒..▒
▒▒.......▒▒++▒▒.▒
▒.<.....▒ ∩ ▒.▒
▒.......▒▒▒▒▒▒.▒


You could see Sigmund.


Message History

The bat hits you but does no damage. Sigmund hits you but does no damage.
Unknown command.
You barely miss the bat.
The bat is moderately wounded.
The bat hits you but does no damage.
Unknown command.
You reach to attack!
You hit Sigmund.
Sigmund is severely wounded.
Your transformation is almost over.
You block the bat's attack. Sigmund hits you but does no damage.
Unknown command.
You hit the bat.
You kill the bat!
You reach to attack!
You hit Sigmund.
Sigmund is severely wounded.
You feel yourself slow down. Sigmund hits you but does no damage.
You reach to attack!
You closely miss Sigmund.
Sigmund is severely wounded.
Unknown command.
You reach to attack!
You hit Sigmund but do no damage.
Sigmund is severely wounded.
Sigmund hits you from afar with a +0 scythe.
You die...

Action                   |  1- 3 |  4- 6 || total
-------------------------+-------+-------++-------
Melee: Spear             |   144 |   141 ||   285
       Bite              |     7 |    11 ||    18
Invok: Curse Item        |     3 |       ||     3
  Use: Potion            |       |     3 ||     3
 Stab: Sleeping          |     5 |       ||     5
       Distracted        |       |     1 ||     1
Armor: Leather armour    |    18 |    14 ||    32
       Skin              |       |    56 ||    56
Dodge: Dodged            |    55 |    63 ||   118
Block: Buckler           |    52 |    51 ||   103

Levels and vault maps discovered:
D:1:      dpeg_arrival_long_road, layout_loops_ring,
          shapermc_ecumenical_altar_acropolis, hangedman_decor_growths
D:2:      layout_loops_ring, roderic_lattice_a, kennysheep_generic_room_12
D:3:      layout_rooms, gup_sewer_entry_bowl, minmay_pentomino_pile,
          uniq_sigmund

Notes
Turn   | Place    | Note
-------+----------+-------------------------------------------
     0 | D:1      | sanka the Gnoll Wanderer began the quest for the Orb.
     0 | D:1      | sanka set off with the following items: a +0 spear, a
                  | scroll of fear, a potion of brilliance, a +0 buckler, a
                  | scroll of fog, a +0 leather armour
     0 | D:1      | Reached XP level 1. HP: 13/13 MP: 2/2
   329 | D:1      | Found a faded altar of an unknown god.
   333 | D:1      | Prayed at the altar of an unknown god.
   333 | D:1      | Became a worshipper of Ashenzari the Shackled
   379 | D:1      | Reached XP level 2. HP: 19/19 MP: 3/3
  1194 | D:1      | Reached * piety under Ashenzari
  1242 | D:1      | Reached XP level 3. HP: 25/25 MP: 4/4
  2156 | D:2      | Reached ** piety under Ashenzari
  2487 | D:2      | Reached skill level 1 in Fighting
  2487 | D:2      | Reached skill level 1 in Short Blades
  2487 | D:2      | Reached skill level 1 in Long Blades
  2487 | D:2      | Reached skill level 1 in Axes
  2487 | D:2      | Reached skill level 1 in Maces & Flails
  2487 | D:2      | Reached skill level 1 in Staves
  2487 | D:2      | Reached skill level 1 in Slings
  2487 | D:2      | Reached skill level 1 in Bows
  2487 | D:2      | Reached skill level 1 in Crossbows
  2487 | D:2      | Reached skill level 1 in Throwing
  2487 | D:2      | Reached skill level 1 in Armour
  2487 | D:2      | Reached skill level 1 in Stealth
  2487 | D:2      | Reached skill level 1 in Spellcasting
  2487 | D:2      | Reached XP level 4. HP: 30/32 MP: 6/6
  3009 | D:2      | Reached skill level 1 in Conjurations
  3009 | D:2      | Reached skill level 1 in Hexes
  3009 | D:2      | Reached skill level 1 in Summonings
  3009 | D:2      | Reached skill level 1 in Necromancy
  3009 | D:2      | Reached skill level 1 in Translocations
  3009 | D:2      | Reached skill level 1 in Transmutations
  3009 | D:2      | Reached skill level 1 in Fire Magic
  3009 | D:2      | Reached skill level 1 in Ice Magic
  3009 | D:2      | Reached skill level 1 in Air Magic
  3009 | D:2      | Reached skill level 1 in Earth Magic
  3009 | D:2      | Reached skill level 1 in Poison Magic
  3381 | D:3      | Noticed Sigmund
  3449 | D:3      | HP: 1/48 [Sigmund/+0 scythe (7)]
  3460 | D:3      | Slain by Sigmund

Vanquished Creatures
  A river rat (D:3)
  4 adders (D:2)
  2 dart slugs
  3 orcs
  3 endoplasms
  2 giant cockroaches
  5 goblins
  5 hobgoblins
  6 kobolds
  4 quokkas
  8 ball pythons
  5 bats
  4 frilled lizards
  3 rats (D:1)
55 creatures vanquished.
